 Dungeon Crawl Stone Soup version 0.31-a0-664-g902f515a81 (webtiles) character file.

Game seed: 8289647360012366664

39 Xavori the Cutter (level 3, -1/20 HPs)
             Began as a Vine Stalker Chaos Knight on Sept 3, 2023.
             Was a Plaything of Xom.
             Slain by a gnoll
             ... wielding a +0 flail
              (8 damage)
             ... on level 2 of the Dungeon.
             The game lasted 00:00:56 (9368 turns).

Xavori the Cutter (Vine Stalker Chaos Knight)       Turns: 9368, Time: 00:00:57

Health: -1/20      AC:  5    Str: 18    XL:     3   Next: 45%
Magic:  0/4        EV: 11    Int:  9    God:    Xom [..*...]
Gold:   37         SH:  0    Dex: 14    Spells: 2/2 levels left

rFire   . . .        a - +0 short sword (chaos)
rCold   . . .        (no shield)
rNeg    . . .        b - +3 leather armour
rPois   .            (no helmet)
rElec   .            (no cloak)
rCorr   .            (no gloves)
SInv    .            (no boots)
Will    .....        (no amulet)
Stlth   +            (no ring)
HPRegen 1.03/turn    (no ring)
MPRegen 0.09/turn

%: guardian spirit
@: invisible
A: fangs 3, regeneration 1, magic shield, antimagic bite, no potion heal 2,
deformed body, dopey 1, shaggy fur 1, strong 1
a: Renounce Religion


You were on level 2 of the Dungeon.
You worshipped Xom.
You were a toy of Xom.
You visited 1 branch of the dungeon, and saw 2 of its levels.

You collected 37 gold pieces.

Inventory:

Hand Weapons
 a - a +0 short sword of chaos (weapon)
Armour
 b - a +3 leather armour (worn)
Scrolls
 c - a scroll of butterflies
 f - a scroll of teleportation {unknown}
 g - a scroll of revelation {unknown}
 h - 3 scrolls of identify {unknown}
Potions
 d - a potion of enlightenment {unknown}
 e - a potion of magic {unknown}


   Skills:
 + Level 3.1 Fighting
 + Level 3.2 Short Blades
 + Level 2.0 Armour
 + Level 0.9 Dodging
 + Level 0.8 Stealth


You had 2 spell levels left.
You didn't know any spells.
Your spell library was empty.

Dungeon Overview and Level Annotations

Branches:
Dungeon (2/15)

Altars:


Innate Abilities, Weirdness & Mutations

You have razor-sharp teeth.
Your natural rate of healing is unusually fast.
When hurt, damage is shared between your health and your magic reserves.
Your bite disrupts and absorbs the magic of your enemies.
Potions cannot restore your health.
Armour fits poorly on your strangely shaped body.
You are dopey. (Int -2)
You are covered in fur. (AC +1)
Your muscles are strong. (Str +4, Int/Dex -1)


Message History

The gnoll hits you with a +0 flail!
A shower of butterflies erupts from you!
The gnoll completely misses you.
Your Armour skill increases to level 2!
You are too injured to fight recklessly!
Unknown command.
You are too injured to fight recklessly!
Unknown command.
You are too injured to fight recklessly!
You are too injured to fight recklessly!
Unknown command.
You hit the gnoll.
The gnoll seems to speed up.
You bite the gnoll! You drain its power.
You feel invigorated.
The gnoll is almost dead.
The gnoll barely misses you.
Found a hand axe. "Go forth and cause havoc, mortal!"
You fade into invisibility!
The gnoll misses you. The gnoll barely misses you.
You hit the gnoll. You burn the gnoll. You bite the gnoll. You drain its power.
The gnoll is moderately wounded.
The gnoll misses you. The gnoll closely misses you.
You catch the helpless gnoll completely off-guard!
You puncture the gnoll! Your bite misses the gnoll.
The gnoll is almost dead.
The gnoll hits you with a +0 flail. The gnoll closely misses you.
You barely miss the gnoll.
The gnoll is almost dead.
The gnoll barely misses you. The gnoll completely misses you.
You barely miss the gnoll. Your bite misses the gnoll.
The gnoll is almost dead.
The gnoll hits you with a +0 flail!
* * * LOW HITPOINT WARNING * * *
The gnoll closely misses you.
You hit the gnoll. Lightning courses through the gnoll!!
You kill the gnoll!
The gnoll hits you with a +0 flail!
You die... "Huh?
Did I miss anything?"

#. ....# #.# ##...# # ##
#.### #.# #..#.# #.# #.#
#....# ##'# #.# #.#.##
##...## #.###.#.#
##.....## #.......#
##...b...######..###
#....b)..)####...#######
+......@g.'.............
#).b......####...#######
##.......## ##..#
##.....## ##.# ##...##
#.# ##+# ..# ###


You could see a gnoll (fast, unable to see you, ally target).

Vanquished Creatures
  2 gnolls (D:2)
  An adder (D:2)
  3 bats
  5 jackals
  A quokka (D:1)
  3 frilled lizards
  A goblin (D:1)
  2 kobolds
  4 rats
22 creatures vanquished.

Notes
Turn   | Place    | Note
-------+----------+-------------------------------------------
     0 | D:1      | Xavori the Vine Stalker Chaos Knight began the quest for
                  | the Orb.
     0 | D:1      | Reached XP level 1. HP: 11/11 MP: 2/2
     9 | D:1      | XOM: divination: magic mapping
    84 | D:1      | XOM: silly message
   145 | D:1      | XOM: silly message
   355 | D:1      | Reached XP level 2. HP: 16/16 MP: 3/3
   516 | D:1      | XOM: divination: magic mapping
   578 | D:1      | XOM is BORED!
   578 | D:1      | XOM: silly message
   711 | D:2      | XOM: silly message
  1311 | D:1      | XOM is BORED!
  1311 | D:1      | XOM: give mutations
  1311 | D:1      | Gained mutation: You are dopey. (Int -2) [Xom's mischief]
  1311 | D:1      | Lost mutation: You are dopey. (Int -2) [Xom's mischief]
  1672 | D:1      | XOM: cloud trail
  1939 | D:1      | XOM: cloud trail
  2728 | D:1      | XOM: silly message
  2901 | D:1      | XOM: silly message
  3084 | D:1      | XOM: divination: magic mapping
  3596 | D:1      | XOM is BORED!
  3596 | D:1      | XOM: noise
  3688 | D:1      | XOM: silly message
  4161 | D:1      | XOM: silly message
  4719 | D:1      | XOM is BORED!
  4721 | D:1      | XOM: scenery: 2 doors close
  5084 | D:1      | XOM: noise
  5647 | D:1      | XOM: silly message
  6226 | D:1      | XOM: silly message
  7042 | D:1      | XOM: silly message
  7257 | D:1      | XOM: divination: magic mapping
  8598 | D:1      | XOM: give mutations
  8598 | D:1      | Gained mutation: You have razor-sharp teeth. [Xom's
                  | mischief]
  8598 | D:1      | Gained mutation: You are covered in fur. (AC +1) [Xom's
                  | mischief]
  8598 | D:1      | Gained mutation: Armour fits poorly on your strangely
                  | shaped body. [Xom's mischief]
  8598 | D:1      | Gained mutation: You are dopey. (Int -2) [Xom's mischief]
  8618 | D:1      | XOM: give mutation
  8618 | D:1      | Gained mutation: Your muscles are strong. (Str +4, Int/Dex
                  | -1) [Xom's grace]
  8762 | D:1      | XOM: divination: detect creatures
  8891 | D:1      | XOM: silly message
  9073 | D:2      | XOM is BORED!
  9073 | D:2      | Found a faded altar of an unknown god.
  9073 | D:2      | XOM: 4-stop teleportation journey
  9121 | D:2      | Reached XP level 3. HP: 20/20 MP: 2/4
  9360 | D:2      | XOM: butterfly on damage
  9362 | D:2      | XOM: potion effect (invisibility)
  9368 | D:2      | Slain by a gnoll

Illustrated notes

Levels and vault maps discovered:
D:1:      co_arrival_square_in_a_square_in_a_square, layout_basic
D:2:      minmay_inner_zag, layout_loops_corners,
          shapermc_ecumenical_altar_starsandcircs, uniq_natasha

Skill      XL: |  1  2  3 |
---------------+----------+-----
Short Blades   | 3 |  3.2
Fighting       | 3 |  3.1
Armour         | 2 |  2.0
Dodging        | |  0.9
Stealth        | |  0.8

Action                     || total
---------------------------++-------
  Melee: Short sword       ||    73
         Bite              ||     9
    Use: Scroll            ||     2
   Stab: Invisible         ||     1
 Armour: Leather armour    ||    48
  Dodge: Dodged            ||    65

Table legend: (Time is in decaauts)
 A = Elapsed time spent in this place.
 B = Non-inter-level travel time spent in this place.
 C = Inter-level travel time spent in this place.
 D = Time resting spent in this place.
 E = Time spent auto-exploring this place.
 F = Levels seen in this place.
 G = Mean time per level.
                   A        B        C        D        E       F      G
               +--------+--------+--------+--------+--------+-----+--------+
         Total |   9359 |   9304 |     55 |   8347 |    809 |   2 | 4679.5 |
       Dungeon |   9359 |   9304 |     55 |   8347 |    809 |   2 | 4679.5 |
               +--------+--------+--------+--------+--------+-----+--------+

Top non-repeatable levels by time:
     D:1: 9055 daAuts
     D:2: 303 daAuts
